 Dungeon Crawl Stone Soup version 0.18-a0-128-g78ce890 (webtiles) character file.

201 Proton the Skirmisher (level 6, -2/49 HPs)
             Began as a Formicid Fighter on Nov 22, 2015.
             Slain by a wight
             ... wielding a +2 great sword
              (12 damage)
             ... on level 6 of the Dungeon.
             The game lasted 00:04:43 (1883 turns).

Proton the Skirmisher (Formicid Fighter)            Turns: 1883, Time: 00:04:43

Health: -2/49      AC:  9    Str: 23    XL:     6   Next: 7%
Magic:  6/6        EV:  7    Int:  7    God:
Gold:   147        SH: 10    Dex: 10    Spells: 0 memorised, 5 levels left

rFire  . . .     SeeInvis +     a - +0 war axe
rCold  . . .     Clarity  .     q - +0 chain mail
rNeg   . . .     SustAt   .     c - +0 shield
rPois  .         Gourm    .     (helmet unavailable)
rElec  .         Spirit   .     (no cloak)
rCorr  .         Warding  .     (no gloves)
rMut   .         Stasis   +     (no boots)
MR     .....                    (no amulet)
Stlth  ..........               (no ring)
                                (no ring)

@: not resistant to hostile enchantments, extremely unstealthy
A: permanent stasis, dig shafts and tunnels, four strong arms, antennae 3
a: Dig, Shaft Self


You were on level 6 of the Dungeon.
You were not hungry.

You visited 1 branch of the dungeon, and saw 6 of its levels.

You collected 147 gold pieces.

Inventory:

Hand Weapons
 a - a +0 war axe (weapon)
Missiles
 h - 4 javelins (quivered)
Armour
 c - a +0 shield (worn)
 q - a +0 chain mail (worn)
Scrolls
 j - a scroll of random uselessness {unknown}
 m - 2 scrolls of magic mapping {unknown}
 o - 3 scrolls of teleportation {unknown}
 p - a scroll of noise {unknown}
 u - a scroll of blinking {unknown}
 w - a scroll of remove curse {unknown}
Potions
 b - a potion of lignification {unknown}
 d - 3 potions of might
 g - a potion of mutation {unknown}
 i - 2 potions of poison {unknown}
 k - a potion of ambrosia {unknown}
 l - a potion of agility {unknown}
 n - a potion of brilliance {unknown}
 r - a potion of cancellation {unknown}
 t - a potion of cure mutation {unknown}
Comestibles
 e - 3 bread rations
 f - 2 fruits
 s - a beef jerky
 v - a meat ration


   Skills:
 + Level 4.4 Fighting
 + Level 3.2 Axes
 + Level 4.1 Armour
 + Level 1.8 Dodging
 + Level 4.4 Shields


You had 5 spell levels left.
You didn't know any spells.

Dungeon Overview and Level Annotations

Branches:
Dungeon (6/15)
 Temple: D:4-7

Altars:
Elyvilon
Makhleb
Okawaru
Qazlal
Xom

Annotations:
D:4 Pikel


Innate Abilities, Weirdness & Mutations

You are under a permanent stasis effect.
You can dig through walls and to a lower floor.
Your four strong arms can wield two-handed weapons with a shield.
You have a pair of large antennae on your head (SInv).


Message History

The wight moves out of view.
The giant frog hits you but does no damage. x2
You block the giant frog's attack.
Found 11 gold pieces.
The scorpion barely misses you. The scorpion misses you.
The giant frog hits you but does no damage.
The scorpion barely misses you.
A jelly and a zombie come into view.
The jelly quivers.
The giant frog barely misses you.
The giant frog hits you but does no damage.
An ice beast comes into view.
The giant frog hits you but does no damage.
The scorpion barely misses you.
Found a scroll labeled COODOQILAN.
You block the giant frog's attack. The giant frog closely misses you.
The wight hits you with an enchanted great sword!
You die...

#...... ..##.#
#..#.# ##.{#.#
##...#.#
###...Z#.#######
##.....s{........
##......##Z....##
###.....#z@FY....#
{{
#.......#.######.?..
...........###.. ...
.....[.##### #.## ..
.####.# #. ## #. {
#. #.


You could see an ice beast, a giant frog, a wight and a centaur zombie.

Vanquished Creatures
  2 hounds
  A giant frog zombie (D:5)
  A hound skeleton (D:4)
  2 adders
  An ooze (D:1)
  A worm (D:2)
  A giant gecko (D:3)
  6 orcs
  4 giant cockroaches
  4 goblins
  6 hobgoblins
  8 jackals
  4 kobolds
  2 ball pythons (D:2)
  9 bats
  3 giant newts
  11 rats
66 creatures vanquished.

Notes
Turn   | Place    | Note
--------------------------------------------------------------
     0 | D:1      | Proton the Formicid Fighter began the quest for the Orb.
     0 | D:1      | Reached XP level 1. HP: 18/18 MP: 1/1
    31 | D:1      | Reached XP level 2. HP: 24/24 MP: 2/2
   202 | D:1      | Reached XP level 3. HP: 25/30 MP: 3/3
   863 | D:2      | Reached skill level 1 in Dodging
   864 | D:2      | Reached skill level 4 in Shields
   951 | D:2      | Reached XP level 4. HP: 33/37 MP: 4/4
  1215 | D:2      | Found a shimmering altar of Xom.
  1444 | D:3      | Found a burning altar of Makhleb.
  1444 | D:3      | Noticed a balrug
  1447 | D:3      | Noticed a ynoxinul
  1447 | D:3      | Noticed a ynoxinul
  1489 | D:3      | Found an iron altar of Okawaru.
  1516 | D:3      | Found a white marble altar of Elyvilon.
  1600 | D:3      | Reached XP level 5. HP: 35/42 MP: 5/5
  1824 | D:4      | Noticed a slave
  1826 | D:4      | Noticed a slave
  1828 | D:4      | Noticed Pikel
  1828 | D:4      | Noticed a slave
  1832 | D:4      | Found a stormy altar of Qazlal.
  1835 | D:5      | Entered Level 5 of the Dungeon
  1864 | D:5      | Reached XP level 6. HP: 23/49 MP: 6/6
  1869 | D:5      | You fall through a shaft!
  1879 | D:6      | Noticed an ice beast
  1883 | D:6      | Slain by a wight

Vault maps used:
D:1:      elethiomel_arrival_maze, nrook_mini_backslash, minmay_misc_feat_chi
D:2:      tgw_xom
D:3:      lemuel_round_altar, makhleb_altar_promises_db, first_bread,
          st_stairs_4, elyvilon_altar_4
D:4:      nicolae_qazlal_style_of_elements, lemuel_crystal_altar, uniq_pikel
D:5:      serial_shops, nicolae_shop_competitors_out_of_business,
          kennysheep_little_box, grunt_dithmenos_smoke_and_mirrors
D:6:      nicolae_tso_carved_into_rock, grunt_gozag_breadcrumbs, serial_shops,
          shop

Action                   |  1- 3 |  4- 6 || total
-------------------------+-------+-------++-------
Melee: War axe           |   107 |   107 ||   214
 Abil: Shaft Self        |       |     1 ||     1
  Eat: Meat ration       |       |     1 ||     1
